Unix xNetHack Version 7.1.0 - last build Jul 19 2022 04:02:08 (a8c4666137c2c631a57c77f6261166d76d9e3895). Game began 2022-07-20 09:02:23, ended 2022-07-20 10:26:38. Raisse, neutral female gnomish Wizard --------------------------------- ------------ |..............@................| |..........+ #..----....-----.----+-- ----- |..........| #########|.| ----.|..aG.-..| |...........##########|.| |.|@_o|.|..| |......<...| # # |.-+-- |.|...|.---- |..........| |....| |.|.. |.. |........... |.{..--+-.--- |.. ------------ |..........| --+- -....-+--..+ |.-+-- |.----- |.| |.-*%(| |.| ----.|***| |.| |....|.!?| |.----....------ -------- |...............................| --------------------------------- Raisse the Conjurer St:8 Dx:12 Co:16 In:18 Wi:11 Ch:10 Neutral Dlvl:7 $:352 HP:0(35) Pw:48(55) AC:3 Xp:5/283 T:2867 Latest messages: What do you want to call? [qruvyCE-HJMRS or ?*] R Call a gray stone: luck What do you want to adjust? [abgil-oqrt-wyACE-HJM-PR-U or ?*] R Adjust letter to what [c-fhjkpsxzBDIKLQRV-Z] (? see used letters)? Z Moving: Z - a stone called luck {10}. You see here a rock (for sale, 7 zorkmids). Poes picks up a scroll labeled READ ME. You see here a scroll labeled READ ME (for sale, 133 zorkmids). (For instructions type a '?') Call a scroll labeled READ ME: readme 100 Poes drops a scroll called readme 100. What kinds of thing do you want to drop? [$)(%!?[/* UXai] ? You drop a scroll labeled ZELGO MER {5}. Angmagssalik offers 30 gold pieces for your scroll labeled ZELGO MER. Sell it? [ynaq] (n) n Poes picks up a rock. You have a little trouble lifting u - a scroll labeled ZELGO MER {5}. What do you want to call? [qruvyCE-HJMSZ or ?*] u Call a scroll labeled ZELGO MER: enchant weapon What do you want to eat? [nNPT or ?*] ? This cram ration is bland. You no longer feel hungry. You finish eating the cram ration. Your movements are now unencumbered. You see here a rock (for sale, 7 zorkmids). Poes drops a rock. Poes picks up a stone. Poes drops a rock. Poes picks up a cram ration. You hear a door open. The watchman opens a door. You swap places with the peaceful watchman. The soldier ant bites! The soldier ant stings! The soldier ant bites! The soldier ant stings! In what direction? h The spell hits the soldier ant! You kill the soldier ant! The priest of Anhur intones: "Pilgrim, you enter a sacred place!" You have a forbidding feeling... There is an open door here. You see here 2 tins. The soldier ant bites! The soldier ant just misses! The soldier ant bites! You die... Do you want your possessions identified? [ynq] (y) y Do you want to see your attributes? [ynq] (y) y Do you want an account of creatures vanquished? [ynaq] (y) q Major events: Turn 1: Raisse the neutral female gnomish Wizard entered the dungeon 900: attained the rank of Conjurer (level 3) 1806: entered the Gnomish Mines 2768: reached Mine Town 2867: killed by a soldier ant Inventory: Inventory: 625/650 weight (29/52 slots) Coins $ - 352 gold pieces {4} Weapons a - 2 uncursed rustproof +0 daggers (wielded) {20} i - 5 uncursed +0 daggers {50} l - an uncursed +0 elven dagger {10} m - 56 uncursed +0 darts {56} t - an uncursed +0 orcish dagger {10} w - 11 cursed -2 shuriken {11} O - a blessed +0 dagger {10} Armor A - a blessed +1 mithril elven ring mail (being worn) {88} C - an uncursed +0 cloak of magic resistance (being worn) {8} H - an uncursed +0 orcish helm (being worn) {23} Comestibles n - 2 uncursed bananas {4} N - an uncursed lichen corpse {20} T - 2 uncursed tripe rations {20} Scrolls u - an uncursed scroll of enchant weapon {5} v - a cursed scroll of enchant weapon {5} F - a cursed scroll of teleportation {5} M - an uncursed scroll of identify {5} Potions q - an uncursed potion of object detection {20} r - an uncursed potion of speed {20} y - a blessed potion of object detection {20} E - an uncursed potion of healing {20} G - an uncursed potion of invisibility {20} J - an uncursed potion of booze {20} Wands S - an uncursed wand of striking (0:3) {7} Tools b - an uncursed blindfold {2} g - an uncursed magic marker (0:89) {2} o - an uncursed tinning kit (0:33) {100} U - a cursed lantern {30} Gems/Stones Z - an uncursed luckstone {10} Raisse the Wizard's attributes: Background: You were a Conjurer, a level 5 female gnomish Wizard. You were neutral, on a mission for Thoth who was opposed by Ptah (lawful) and Anhur (chaotic). You were bisexual. You were in the Gnomish Mines, on level 7. You entered the dungeon 2867 turns ago. You had 283 experience points, 37 more were needed to attain level 6. Basics: You had 0 out of 35 hit points. You had 48 out of 55 energy points (spell power). Your armor class was 3. Your wallet contained 352 zorkmids. Autopickup was on for '$!?/"=+' plus thrown, with exceptions. Final Characteristics: Your strength was 8 (limit:18/50). Your dexterity was 12 (limit:18). Your constitution was 16 (limit:18). Your intelligence was 18 (limit:19). Your wisdom was 11 (limit:18). Your charisma was 10 (limit:18). Final Status: You were not hungry. You were unencumbered. You were wielding daggers. You were unskilled in dagger. Final Attributes: You were piously aligned. You were magic-protected. You were telepathic. You had infravision. You were guarded. You were lucky. You had extra luck. Bad luck did not time out for you. Good luck did not time out for you. You are dead. Miscellaneous: You never encountered a bones level. Total elapsed playing time was 44 minutes and 34 seconds. Vanquished creatures: a leprechaun a soldier ant a bugbear 2 Mordor orcs a rock mole 5 giant ants a little dog 2 floating eyes 4 dwarves a kobold shaman a rabid rat 3 giant bats an orc zombie 4 acid blobs a gas spore 4 hobbits 5 manes 3 giant rats a brown mold 4 red molds 3 gnomes 3 garter snakes 3 geckos 3 jackals 3 foxes a kobold 2 goblins 4 sewer rats 9 grid bugs 6 lichens a kobold zombie 5 newts 89 creatures vanquished. No species were genocided or became extinct. Voluntary challenges: You read items or engraved 1 time. You never genocided any monsters. You never polymorphed an object. You never changed form. You never touched an artifact. You used no wishes. You never scared an enemy with impunity. You were celibate. You never generated conflict. Achievements: You attained the rank of Conjurer. You entered a shop. You entered the Gnomish Mines. You entered Minetown. You entered a temple. The Dungeons of Doom: levels 1 to 5 Level 1: Some fountains. Level 2: "spb" A fountain, a sink. Level 3: Level 4: Some shops, a fountain. Stairs down to The Gnomish Mines. Level 5: The Gnomish Mines: levels 5 to 7 Level 5: Level 6: Level 7: <- You were here. A general store, a temple, a fountain. Final resting place for you, killed by a soldier ant. Game over: __________ / \ / REST \ / IN \ / PEACE \ / \ | Raisse | | 352 Au | | killed by a | | soldier ant | | | | | | 2022 | *| * * * | * _________)/\\_//(\/(/\)/\//\/|_)_______ Goodbye Raisse the Wizard... You died in The Gnomish Mines on dungeon level 7 with 1749 points, and 352 pieces of gold, after 2867 moves. You were level 5 with a maximum of 35 hit points when you died.